Unix NetHack Version 5.0.0-0 post-release - last build May 10 2026 23:12:36 (d1fa5d53e341ca933230fdaa984d921c805b60aa,branch:main).

Game began 2026-05-12 15:51:09, ended 2026-05-12 16:58:19.

BaeHund, lawful male human Samurai

                                          --
                                         --.---
                                      ----..@.--
                                      |....dY..----
                                      --..........-----    ----------------
                                       -..|....)...............%..........|
                                       ..---.......).......-------      -
                                      |.-  --..-.......%....-
                                      |     --. -.|.|....| ..|
                                             --  ----- ---   |

BaeHund the Ninja      St:15 Dx:17 Co:18 In:9 Wi:7 Ch:9  Lawful
Dlvl:10 $:235 HP:0(75) Pw:23(23) AC:3  Xp:7 T:2961 

Latest messages:
 You hit the orc mummy!
 You hit the orc mummy!
 The orc mummy hits!
 You hit the orc mummy!
 The orc mummy hits!
 You destroy the orc mummy!
 You see here a mummy wrapping.
 You are beginning to feel hungry.
 You stop waiting.
 What do you want to eat? [gi or ?*] ?
 This food really hits the spot!
 You finish eating the gunyoki.
 You are in full health.
 You descend the stairs.
 The carnivorous ape hits!
 The carnivorous ape hits again!
 The carnivorous ape grabs you!
 The large dog bites!
 You miss the carnivorous ape.
 The carnivorous ape hits!
 The carnivorous ape hits again!
 You are being crushed.
 The large dog bites!
 You hear crashing rock.
 You hit the carnivorous ape!
 The carnivorous ape hits!
 The carnivorous ape hits again!
 You are being crushed.
 The large dog bites!
 You hit the carnivorous ape.
 The carnivorous ape misses!
 The carnivorous ape hits!
 You are being crushed.
 The large dog bites!
 You are being held, and cannot go up.
 The carnivorous ape hits!
 The carnivorous ape hits again!
 You are being crushed.
 The large dog bites!
 Are you sure you want to pray? [yn] (n) y
 You begin praying to Amaterasu Omikami.
 The carnivorous ape hits!
 The carnivorous ape hits again!
 You are being crushed.
 You die...
 Do you want your possessions identified? [ynq] (y) y
 Do you want to see your attributes? [ynq] (y) y
 Do you want an account of creatures vanquished? [ynaq] (y) y
 Do you want to see your conduct and achievements? [ynq] (y) y
 Do you want to see the dungeon overview? [ynq] (y) y

Inventory:
 Coins    ('$')
  $ - 235 gold pieces
 Weapons  (')')
  d - 26 +0 ya (in quiver)
  c - a +0 yumi
  a - a thoroughly rusty +0 katana (weapon in right hand)
  b - a +0 wakizashi (alternate weapon; not wielded)
 Armor    ('[')
  z - an uncursed very rusty +0 dwarvish iron helm (being worn)
  p - a cursed -1 pair of fumble boots
  A - an uncursed very rusty +0 pair of iron shoes (being worn)
  B - an uncursed rusty +0 dwarvish roundshield (being worn)
  C - an uncursed +0 dwarvish mithril-coat (being worn)
 Comestibles  ('%')
  g - 5 uncursed gunyoki
  i - an uncursed tripe ration
 Scrolls  ('?')
  v - an uncursed scroll of charging
  y - a blessed scroll of confuse monster
  u - an uncursed scroll of enchant armor
  x - 2 uncursed scrolls of light
  o - a cursed scroll of magic mapping
 Spellbooks  ('+')
  h - an uncursed spellbook of stone to flesh
 Potions  ('!')
  I - an uncursed potion of confusion
  M - 2 uncursed potions of healing
  m - an uncursed potion of object detection
 Rings    ('=')
  n - a cursed ring of aggravate monster
  s - an uncursed ring of fire resistance (on right hand)
  r - an uncursed ring of levitation
 Wands    ('/')
  l - a wand of digging (0:5)
  H - a wand of light (0:11)
  F - a wand of make invisible (0:6)
 Tools    ('(')
  f - an uncursed blindfold
  D - a can of grease (0:8)
  e - an uncursed skeleton key

BaeHund the Samurai's attributes:

Background:
 You were a Ninja, a level 7 male human Samurai.
 You were lawful, on a mission for Amaterasu Omikami
 who was opposed by Raijin (neutral) and Susanowo (chaotic).
 You were right-handed.
 You were in the Gnomish Mines, on level 10.
 You entered the dungeon 2961 turns ago.
 You had 925 experience points, 355 more were needed to attain level 8.

Basics:
 You had 0 out of 75 hit points.
 You had all 23 energy points (spell power).
 Your armor class was 3.
 Your wallet contained 235 zorkmids.
 Autopickup was off.

Final Characteristics:
 Your strength was 15 (limit:18/100).
 Your dexterity was 17 (limit:18).
 Your constitution was 18 (limit:18).
 Your intelligence was 9 (limit:18).
 Your wisdom was 7 (limit:18).
 Your charisma was 9 (limit:18).

Final Status:
 You were held by a carnivorous ape (south).
 You weren't hungry.
 You were unencumbered.
 You were wielding a long sword.
 You were skilled in long sword.

Final Attributes:
 You were piously aligned.
 You were fire resistant.
 Your items were protected from fire.
 You were guarded.
 You were fast.
 You are dead.

Miscellaneous:
 You encountered 2 bones levels.
 Total elapsed playing time was 54 minutes and 2 seconds.

Major events:
 Turn
    1: BaeHund the lawful male human Samurai entered the dungeon
  262: attained the rank of Ronin (level 3)
 1525: entered the Gnomish Mines
 2148: reached Mine Town
 2154: attained the rank of Ninja (level 6)
 2961: killed by a carnivorous ape, while praying

You didn't know any spells.

Skills:
 Fighting Skills
   martial arts      [Basic]
   two weapon combat [Unskilled]
   riding            [Unskilled]
 Weapon Skills
   dagger            [Unskilled]
   knife             [Unskilled]
   short sword       [Basic]
   broadsword        [Unskilled]
   long sword        [Skilled]
   two-handed sword  [Unskilled]
   saber             [Unskilled]
   flail             [Unskilled]
   quarterstaff      [Unskilled]
   polearms          [Unskilled]
   spear             [Unskilled]
   lance             [Unskilled]
   bow               [Basic]
   shuriken          [Unskilled]
 Spellcasting Skills
   attack spells     [Unskilled]
   divination spells [Unskilled]
   clerical spells   [Unskilled]

Voluntary challenges:
 Character rerolling was not enabled.
 You never genocided any monsters.
 You never polymorphed an object.
 You never changed form.
 You used no wishes.
Achievements:
 You attained the rank of Ronin.
 You entered a shop.
 You entered the Gnomish Mines.
 You entered Minetown.
 You attained the rank of Ninja.
 You entered a temple.

 The Dungeons of Doom: levels 1 to 5
    Level 1:
       A fountain.
    Level 2:
       An armor shop.
    Level 3:
       A fountain.
    Level 4:
       A food shop, a fountain.
       Stairs down to The Gnomish Mines.
    Level 5:
       Final resting place for
          Drastanta-Wiz-Hum-Mal-Neu, killed by a giant ant.
 The Gnomish Mines: levels 5 to 10
    Level 5:
    Level 6:
    Level 7:
       Many shops, a temple and an altar to Amaterasu Omikami, some fountains.
    Level 8:
    Level 9:
    Level 10: <- You were here.
       Final resting place for
          you, killed by a carnivorous ape, while praying,
          jgb-Sam-Hum-Mal-Law, killed by a carnivorous ape.


Vanquished creatures:
  a large mimic
  a giant beetle
  a giant spider
  a gnome ruler
 an orc mummy
  a rust monster
  a dust vortex
  a snake
  3 shriekers
 12 gnome leaders
  2 gnomish wizards
  4 dwarves
 an iguana
  a coyote
  a hobgoblin
  3 yellow molds
  a green mold
 35 gnomes
  6 geckos
  4 jackals
  2 kobolds
  2 goblins
  4 grid bugs
  5 lichens
  a kobold zombie
  4 newts
99 creatures vanquished.

No species were genocided or became extinct.

Game over:
                       ----------
                      /          \
                     /    REST    \
                    /      IN      \
                   /     PEACE      \
                  /                  \
                  |     BaeHund      |
                  |      235 Au      |
                  |   killed by a    |
                  | carnivorous ape  |
                  |                  |
                  |                  |
                  |       2026       |
                 *|     *  *  *      | *
        _________)/\\_//(\/(/\)/\//\/|_)_______

Sayonara BaeHund the Samurai...

You died in The Gnomish Mines on dungeon level 10 with 4372 points,
and 235 pieces of gold, after 2961 moves.
You were level 7 with a maximum of 75 hit points when you died.

